[Event "Early-Titled-Tuesday-Blitz-March-12-2024"]
[Site "Chess.com"]
[Date "2024.03.12"]
[Round "2"]
[White "sansanathalia"]
[Black "Zq1"]
[Result "1-0"]
[WhiteElo "2352"]
[BlackElo "2554"]
[TimeControl "180+1"]
[EndTime "8:18:21 PDT"]
[Termination "sansanathalia won by resignation"]

1. e4 c5 2. Nf3 d6 3. d4 cxd4 4. Qxd4 a6 5. Nc3 e6 6. Bg5 Nf6 7. O-O-O Be7 8. h4 h6 9. Bxf6 Bxf6 10. Qe3 Qc7 11. Nd4 Nc6 12. Nxc6 bxc6 13. g4 Rb8 14. f4 g6 15. Bg2 Kf8 16. g5 Bg7 17. Qd3 d5 18. e5 Qb6 19. b3 Qb4 20. Qd4 Qxd4 21. Rxd4 c5 22. Rdd1 Bb7 23. Na4 Rc8 24. c4 hxg5 25. hxg5 Rxh1 26. Bxh1 Bc6 27. Nb6 Rd8 28.
cxd5 exd5 29. Bxd5 Bxd5 30. Rxd5 Rxd5 31. Nxd5 Ke8 32.
Kd2 Kd7 33. Kd3 Bf8 34. Ke4 Kc6 35. Nc3 c4 36. bxc4 Ba3 37. Na4 Bc1 38. f5 Bxg5 39. fxg6 fxg6 40. Nc3 Kc5 41. Kd3 Bf4 42. Ne4+ Kc6 43. Kd4 Bh2 44. Nf6 Bg3 45. e6 Bd6 46. Nd5 Bg3 47. Ke4 Kd6 48. e7 Kd7 49. c5 Bh2 50.
c6+ Ke8 51. c7 Bxc7 52. Nxc7+ Kxe7 53. Nxa6 Kd6 54. Nb4 Kc5 55. a3 Kc4 56. Kf4 Kb3 57. Nc2 1-0

[Event "Early-Titled-Tuesday-Blitz-March-12-2024"]
[Site "Chess.com"]
[Date "2024.03.12"]
[Round "2"]
[White "Maxfan2008"]
[Black "AlexandraSamaganova"]
[Result "0-1"]
[WhiteElo "2592"]
[BlackElo "2388"]
[TimeControl "180+1"]
[EndTime "8:18:22 PDT"]
[Termination "AlexandraSamaganova won by checkmate"]

1. d4 Nf6 2. c4 e6 3. Nc3 Bb4 4. Nf3 b6 5. e3 Bb7 6. Bd3 O-O 7.
O-O Bxc3 8. bxc3 Ne4 9. Qc2 f5 10. c5 Nc6 11. cxb6 axb6 12. Bxe4 fxe4 13. Qxe4 Na5 14.
Qg4 Bxf3 15. gxf3 Rf6 16. Kh1 Rg6 17. Qh5 Nc4 18. e4 Ra5 19. e5 d6 20. Bf4 Qf8 21. Bg3 Nd2 22. Rfd1 Nxf3 23. Kg2 Ng5 24. Qg4 Qa8+ 25.
Kf1 Qh1+ 26. Ke2 Qc6 27. Rd3 Qc4 28. exd6 Rxa2+ 29. Rxa2 Qxa2+ 30. Ke3 cxd6 31. Bxd6 Qd5 32. Qf4 Rf6 33. c4 Qg2 34. Ra3 Rxf4 35. Ra8+ Kf7 36.
Rf8+ Kg6 37. Rxf4 Qf1 38. d5 Qc1+ 39. Kd3 exd5 40. cxd5 Qb1+ 41. Kd4 Qd1+ 42. Kc4 Qe2+ 43. Kd4 Qb2+ 44. Kc4 Qa2+ 45. Kd4 Nf7 46. Rg4+ Kh5 47.
Rxg7 Nxd6 48. Rxh7+ Kg6 49. Rd7 Qc4+ 50. Ke5 Nf7+ 51.
Ke6 Qe4# 0-1

[Event "Early-Titled-Tuesday-Blitz-March-12-2024"]
[Site "Chess.com"]
[Date "2024.03.12"]
[Round "2"]
[White "chezzgirl04"]
[Black "Viktoker"]
[Result "0-1"]
[WhiteElo "2135"]
[BlackElo "2503"]
[TimeControl "180+1"]
[EndTime "8:18:23 PDT"]
[Termination "Viktoker won by checkmate"]

1. e4 c6 2. d4 d5 3. exd5 cxd5 4. Nf3 Nc6 5. c3 Bg4 6. Bd3 e6 7. O-O Bd6 8. Re1 Qc7 9. h3 Bh5 10. Be3 Nge7 11. Nbd2 Bg6 12. Bxg6 Nxg6 13. b3 O-O 14.
c4 Bf4 15. Rc1 Rfd8 16. a3 Qa5 17. Nb1 dxc4 18. Rxc4 Rd7 19. b4 Qa6 20. Qb3 b5 21. Rc2 Bxe3 22. fxe3 Nce7 23. Rec1 h6 24. Nbd2 Qd6 25.
Ne4 Qd5 26. Qd3 a5 27. Nc3 Qh5 28. Nxb5 axb4 29. axb4 Nd5 30. Ne5 Nxe5 31. Rc8+ Rd8 32. Rxd8+ Rxd8 33. dxe5 Qxe5 34. e4 Qf4 35. Rf1 Qe3+ 36.
Qxe3 Nxe3 37. Re1 Nc2 38. Rb1 Rb8 39. Nd6 Rxb4 40. Rc1 Ne3 41. Rc8+ Kh7 42. Nxf7 Rxe4 43. g3 Nf5 44. Kg2 Re2+ 45. Kf3 Re3+ 46. Kf4 g5+ 47. Kg4 Rxg3+ 48. Kh5 Ng7# 0-1

[Event "Early-Titled-Tuesday-Blitz-March-12-2024"]
[Site "Chess.com"]
[Date "2024.03.12"]
[Round "2"]
[White "imdvb6307"]
[Black "lilylg"]
[Result "1/2-1/2"]
[WhiteElo "2496"]
[BlackElo "2151"]
[TimeControl "180+1"]
[EndTime "8:18:24 PDT"]
[Termination "Game drawn by repetition"]

1. d4 d5 2. Nf3 c6 3. e3 Nf6 4. c4 Bf5 5. Nc3 e6 6. Nh4 Bg6 7. Qb3 Qb6 8. Nxg6 hxg6 9. Bd2 Nbd7 10. O-O-O Qxb3 11. axb3 a5 12. f3 Bb4 13. Bd3 Bd6 14. h3 Ke7 15. Kc2 Rhc8 16. c5 Bc7 17. f4 b5 18. Be1 Rcb8 19. Bh4 Ke8 20. Ra1 Ra7 21. Ra2 Rba8 22. Rha1 Nb8 23. Kd1 Na6 24. Bxf6 gxf6 25. Be2 Nb4 26. Ra3 e5 27. g3 Kd7 28. Kd2 exd4 29.
exd4 Re8 30. Bg4+ f5 31. Bf3 Raa8 32. Ne2 Re7 33. Rf1 Rae8 34. Nc1 Re3 35. Ra1 a4 36. bxa4 Ba5 37. Kd1 Nd3 38. Nxd3 Rxd3+ 39. Kc1 Rde3 40.
Ra3 Re1+ 41. Rxe1 Rxe1+ 42. Kc2 Rf1 43. Be2 Rf2 44. Kd1 b4 45. Re3 Rg2 46. b3 Rg1+ 47. Kc2 Re1 48. Kd3 Rb1 49. Kc2 Rg1 50. Bd3 Rg2+ 51. Kd1 Rg1+ 52. Kc2 Rg2+ 53. Kd1 Rg1+ 54. Kc2 1/2-1/2

[Event "Early-Titled-Tuesday-Blitz-March-12-2024"]
[Site "Chess.com"]
[Date "2024.03.12"]
[Round "2"]
[White "snowlord"]
[Black "Let_it_be_1"]
[Result "1-0"]
[WhiteElo "2907"]
[BlackElo "2608"]
[TimeControl "180+1"]
[EndTime "8:18:26 PDT"]
[Termination "snowlord won by resignation"]

1. d4 d5 2. c4 e6 3. Nf3 Nf6 4. Nc3 Be7 5. Bf4 O-O 6. e3 Nbd7 7. Be2 dxc4 8. a4 a6 9. Bxc4 c5 10. O-O cxd4 11. exd4 Nb6 12. Bd3 Bd7 13. Ne5 Bc6 14. Bg5 Nbd5 15. Rc1 Qb6 16. Bb1 Qxb2 17. Qd3 g6 18. Nxd5 Nxd5 19. Bh6 Bxa4 20. Bxf8 Rxf8 21. Rfe1 Bg5 22. Rcd1 Bxd1 23. Rxd1 Nc3 24. Rf1 Ne2+ 25. Kh1 Nxd4 26. Qg3 Bh6 27. Qh4 Bg7 28. Nd3 Qd2 29.
Qe4 f5 30. Qxb7 Rd8 31. h4 Ne2 32. Qc6 Nd4 33. Qc7 Bf6 34. Re1 Qh6 35. g3 g5 36.
Ba2 gxh4 37. Bxe6+ Nxe6 38. Rxe6 hxg3+ 39. Kg2 Qh2+ 40. Kf3 Qh1+ 41. Kxg3 Qh4+ 42. Kg2 Rxd3 43. Qc8+ Kg7 44. Qc7+ Kg6 45. Qc6 Qg4+ 46. Kf1 Rd1+ 47. Re1 Qh3+ 48.
Ke2 Rxe1+ 49. Kxe1 Qh1+ 50. Qxh1 f4 51. Qc6 Kf5 52. Ke2 Kg4 53. Qxf6 f3+ 54. Qxf3+ 1-0

[Event "Early-Titled-Tuesday-Blitz-March-12-2024"]
[Site "Chess.com"]
[Date "2024.03.12"]
[Round "2"]
[White "martinmena"]
[Black "Actuary44"]
[Result "1/2-1/2"]
[WhiteElo "2278"]
[BlackElo "2526"]
[TimeControl "180+1"]
[EndTime "8:18:27 PDT"]
[Termination "Game drawn - insufficient material"]

1. c4 d6 2. g3 g6 3. Bg2 Bg7 4. Nc3 e5 5. e4 Ne7 6. d3 O-O 7. Bg5 f6 8. Be3 f5 9. Qd2 Nbc6 10. Nge2 fxe4 11. dxe4 Bg4 12. O-O Qd7 13. Bh6 Bh3 14.
Bxg7 Kxg7 15. Nd5 Rf7 16. Bxh3 Qxh3 17. Nxc7 Rd8 18. Nd5 Ng8 19. f4 Rdf8 20. Rf2 Nh6 21. Raf1 Ng4 22. Rg2 h5 23. Ne3 exf4 24. Nxf4 Rxf4 25.
Rxf4 Rxf4 26. Nf5+ Rxf5 27. exf5 Nce5 28. Qxd6 gxf5 29. Qe7+ Nf7 30. Qxb7 h4 31. gxh4 Qe3+ 32. Kh1 Kh6 33. Qxf7 Qe1+ 34. Rg1 Qe4+ 35. Rg2 Nf2+ 36. Kg1 Nh3+ 37. Kf1 Qf3+ 38. Ke1 Qxg2 39. Qf6+ Qg6 40. Qxg6+ Kxg6 41. c5 Kf6 42. c6 Ke6 43. b4 Kd6 44. b5 Nf4 45. a4 Ng2+ 46. Kf2 Nxh4 47. Kg3 Ng6 48. h4 f4+ 49. Kg4 f3 50. Kxf3 Nxh4+ 51. Ke4 Ng6 52. a5 Kc7 53. b6+ axb6 54. axb6+ Kxc6 55. b7 Kxb7 1/2-1/2

[Event "Early-Titled-Tuesday-Blitz-March-12-2024"]
[Site "Chess.com"]
[Date "2024.03.12"]
[Round "2"]
[White "Happy1712Drummer"]
[Black "Winner_7777"]
[Result "1-0"]
[WhiteElo "2379"]
[BlackElo "2560"]
[TimeControl "180+1"]
[EndTime "8:18:28 PDT"]
[Termination "Happy1712Drummer won by resignation"]

1. e4 c5 2. Nf3 d6 3. Bb5+ Nd7 4. O-O a6 5. Bxd7+ Bxd7 6. c3 Nf6 7. Re1 e6 8. d4 cxd4 9. cxd4 d5 10. e5 Ne4 11.
Re3 Be7 12. Ne1 Bg5 13. Re2 Bxc1 14. Qxc1 Rc8 15. Qd1 h5 16. Nd2 Bc6 17. Nef3 g5 18. Rc1 g4 19. Ne1 h4 20. f3 Nxd2 21. Rxd2 g3 22. h3 Qg5 23. Qe2 Bb5 24. Rxc8+ Kd7 25.
Rxh8 Bxe2 26. Rxe2 Qf4 27. Rg8 Qxd4+ 28. Kf1 Qc4 29. Rg4 Qxa2 30. Rxh4 Qb1 31. Rg4 b5 32. h4 a5 33. Rxg3 a4 34. h5 b4 35. h6 a3 36. bxa3 bxa3 37. Rh3 Qh7 38. Ra2 Qf5 39. Rxa3 Qxe5 40. h7 Qh8 41. f4 Qb8 42.
Rag3 Qxf4+ 43. Kg1 Qd4+ 44. Kh2 Qh8 45. Nf3 d4 46. Rg8 Qf6 47. h8=Q Qf4+ 48. Rgg3 f6 49. Qg7+ Kd6 50. Qf8+ Kd5 51. Qa8+ Kc4 52. Qa4+ 1-0

[Event "Early-Titled-Tuesday-Blitz-March-12-2024"]
[Site "Chess.com"]
[Date "2024.03.12"]
[Round "2"]
[White "chess_blitz00"]
[Black "shirovin"]
[Result "1-0"]
[WhiteElo "2485"]
[BlackElo "2068"]
[TimeControl "180+1"]
[EndTime "8:18:28 PDT"]
[Termination "chess_blitz00 won on time"]

1. c3 Nf6 2. g3 g6 3. Bg2 Bg7 4. e4 O-O 5. d4 d6 6. Ne2 Nc6 7. O-O e5 8. d5 Ne7 9. c4 Nd7 10. Nbc3 f5 11. b4 h6 12. a4 g5 13. f3 Nf6 14.
Be3 f4 15. Bf2 h5 16. gxf4 gxf4 17. Kh1 Ng6 18. Rg1 Kh7 19. Qf1 Ng8 20. Bh3 Nh6 21. Rc1 Nf7 22. Bxc8 Rxc8 23. Qh3 Kh6 24. Rxg6+ Kxg6 25. Rg1+ Ng5 26. Qg2 Bf6 27. h4 Rg8 28. hxg5 Bxg5 29. Qh3 Qf6 30. Bh4 Kh6 31. Bxg5+ Rxg5 32. Rxg5 Qxg5 33. Qxc8 Qh4+ 34. Kg2 Qg5+ 35. Kf1 h4 36. Qh3 Qh5 37. Kf2 Qg5 38. Ng1 a6 39.
Nce2 Kh7 40. Qf5+ Qxf5 41. exf5 Kh6 42. Nh3 Kg7 43. Nc3 Kf6 44. Ne4+ Kxf5 45. c5 dxc5 46. bxc5 b5 47. axb5 axb5 48. d6 cxd6 49. Nxd6+ Ke6 50. Nxb5 Kd5 51. Nc3+ Kc6 52. Ne4 Kd5 53. Kg2 Ke6 54. Nhg5+ Kf5 55. Kh3 1-0

[Event "Early-Titled-Tuesday-Blitz-March-12-2024"]
[Site "Chess.com"]
[Date "2024.03.12"]
[Round "2"]
[White "HajiyevKanan"]
[Black "ActorXu"]
[Result "0-1"]
[WhiteElo "2583"]
[BlackElo "2867"]
[TimeControl "180+1"]
[EndTime "8:18:31 PDT"]
[Termination "ActorXu won by resignation"]

1. d4 Nf6 2. Nf3 d5 3. c4 e6 4. cxd5 exd5 5. Nc3 c6 6. Qc2 Bd6 7. Bg5 Nbd7 8. e3 h6 9. Bh4 O-O 10. Bd3 Re8 11. O-O Be7 12. Rab1 Ne4 13. Bxe7 Qxe7 14. b4 a6 15. a4 Ndf6 16. Ne5 Bf5 17. Nxe4 Bxe4 18. Bxe4 Nxe4 19. Rfc1 Nd6 20. Qc5 h5 21. b5 axb5 22. axb5 Nxb5 23. Qxe7 Rxe7 24. h4 Ree8 25. Rb3 Ra2 26. Rcb1 Rea8 27. R3b2 Rxb2 28.
Rxb2 f6 29. Nd3 Kf7 30. Nc5 Ra7 31. Kh2 Ke7 32. Kg3 g6 33. Kf4 Kd6 34. f3 b6 35. Nd3 Nc3 36. e4 dxe4 37. fxe4 b5 38. Rc2 Ra3 39. e5+ fxe5+ 40. Nxe5 Kd5 41. Nxg6 b4 42.
g4 hxg4 43. h5 b3 44. Rb2 Nd1 45. Rb1 Nc3 46. Rb2 Na4 47. Rb1 b2 48. h6 Ra1 49. h7 Rxb1 50. h8=Q Rf1+ 51. Ke3 Re1+ 52. Kd2 b1=Q 53. Nf4+ Kc4 54. Qg8+ Kxd4 55. Ne6+ Rxe6 56. Qxe6 Qd3+ 57. Ke1 Qe3+ 0-1

[Event "Early-Titled-Tuesday-Blitz-March-12-2024"]
[Site "Chess.com"]
[Date "2024.03.12"]
[Round "2"]
[White "AsaHoffmann"]
[Black "ExtremeLearner"]
[Result "1-0"]
[WhiteElo "2351"]
[BlackElo "2551"]
[TimeControl "180+1"]
[EndTime "8:18:32 PDT"]
[Termination "AsaHoffmann won by checkmate"]

1. d4 Nf6 2. Bg5 d5 3. Nd2 c6 4. e3 h6 5. Bh4 g6 6. Bd3 Bg7 7. f4 c5 8. c3 Nc6 9. Ngf3 Qb6 10.
Rb1 Bf5 11. Bxf5 gxf5 12. O-O e6 13. Ne5 Nxe5 14. fxe5 Ne4 15. Nxe4 dxe4 16. Qh5 cxd4 17. exd4 Bxe5 18. Kh1 Bg7 19. g4 Qc6 20. gxf5 e3+ 21. Kg1 Rg8 22. Bg3 Bf6 23. fxe6 Qxe6 24. Qb5+ Kf8 25.
Rbe1 Bh4 26. Rf3 Qe4 27. Qc5+ Be7 28. Qf5 Qxf5 29. Rxf5 Bg5 30. Kg2 Re8 31. Kf3 Kg7 32. h4 Kg6 33. Rb5 Bd8 34. Rxb7 Kh5 35. Rb5+ Kg6 36.
Rxe3 Rxe3+ 37. Kxe3 f5 38. Rd5 Re8+ 39. Kf3 Be7 40. Re5 Kf6 41. Bf4 Rg8 42. Bxh6 Bd6 43. Bg5+ Kf7 44. Rxf5+ Ke6 45. Rf6+ Kd7 46. c4 Rb8 47. b3 a5 48. c5 Bc7 49. d5 a4 50. Rf7+ Kc8 51. Rxc7+ Kxc7 52. Bf4+ Kb7 53. Bxb8 a3 54. Bf4 Ka6 55. Ke3 Kb5 56. Kd4 Kb4 57. Bd2+ Kb5 58. d6 Kc6 59. Kc4 Kb7 60. Kd5 Ka6 61. c6 Kb5 62. d7 Ka6 63. d8=Q Ka7 64. Be3+ Ka6 65. Qb6# 1-0

[Event "Early-Titled-Tuesday-Blitz-March-12-2024"]
[Site "Chess.com"]
[Date "2024.03.12"]
[Round "2"]
[White "Witty_Alien"]
[Black "Herman-NY"]
[Result "1-0"]
[WhiteElo "2329"]
[BlackElo "2539"]
[TimeControl "180+1"]
[EndTime "8:18:32 PDT"]
[Termination "Witty_Alien won by resignation"]

1. e4 e5 2. d4 exd4 3. c3 d3 4.
Bxd3 Nc6 5. Nf3 d6 6. O-O Nge7 7.
Bg5 h6 8. Bh4 g5 9. Bg3 Ng6 10.
Nd4 Bg7 11. Qh5 Nxd4 12. cxd4 Bxd4 13. Nc3 c6 14. Rad1 Qf6 15. e5 dxe5 16. Ne4 Qe7 17. Bc4 c5 18. Bb5+ Kf8 19. Rfe1 Kg7 20. h4 Bf5 21. Qf3 Bxe4 22. Rxe4 gxh4 23. Bh2 Rad8 24. Bc4 Rd6 25. Rg4 Rf6 26. Qe4 Bxf2+ 27. Kh1 Bd4 28.
Rxd4 cxd4 29. Bxe5 Re8 30. Bxf6+ Kxf6 31. Rxg6+ fxg6 32.
Qxd4+ Qe5 33. Qf2+ Qf5 34. Qd4+ Kg5 35. Qd2+ Qf4 36.
Qd5+ Re5 37. Qd8+ Qf6 38. Qd2+ Kh5 39. Be2+ Rxe2 40. Qxe2+ Kg5 41. Qe3+ Qf4 42. Qxa7 Qf1+ 43. Kh2 Qf4+ 44. Kh1 h5 45. Qxb7 Qc1+ 46. Kh2 Qf4+ 47. Kg1 Qe3+ 48. Kf1 Qf4+ 49. Qf3 Qc1+ 50. Kf2 Qxb2+ 51. Qe2 Qd4+ 52. Qe3+ Qxe3+ 53. Kxe3 Kf5 54. a4 Ke5 55. a5 Kd6 56. a6 Kc6 57. Kf4 Kb6 58. Kg5 Kxa6 59. Kxg6 h3 60. gxh3 h4 61.
Kh5 Kb5 62. Kxh4 Kc6 63. Kg5 Kd7 64. Kg6 Ke8 65. Kg7 1-0

[Event "Early-Titled-Tuesday-Blitz-March-12-2024"]
[Site "Chess.com"]
[Date "2024.03.12"]
[Round "2"]
[White "dropstoneDP"]
[Black "NikitaShnadrygin"]
[Result "1-0"]
[WhiteElo "3002"]
[BlackElo "2681"]
[TimeControl "180+1"]
[EndTime "8:18:33 PDT"]
[Termination "dropstoneDP won on time"]

1. e4 c5 2. Nf3 e6 3. b3 Nc6 4.
Bb2 d5 5. exd5 exd5 6. Bb5 Ne7 7.
O-O a6 8. Bxc6+ Nxc6 9. d4 cxd4 10. Nxd4 Be7 11. Nxc6 bxc6 12. Bxg7 Rg8 13. Be5 Bh3 14.
Bg3 Bf6 15. Re1+ Be6 16. Nd2 Bxa1 17. Qxa1 Qg5 18. Nf3 Qg6 19. c4 Rd8 20. Qc3 dxc4 21. Qxc4 Kf8 22. Qxc6 Bd5 23. Qc5+ Kg7 24. Ne5 Qe6 25.
Qc3 f6 26. Nd3 Qf7 27. Nf4 Rge8 28. Rf1 Be4 29. h3 Kg8 30. Qa5 Bd3 31. Rc1 Bg6 32.
Qxa6 Rd7 33. Qb5 Red8 34. Kh2 Rd1 35. Rxd1 Rxd1 36. a4 Qd7 37. Qc4+ Kg7 38. Ne6+ Kh8 39. Nc5 Qf7 40. Qxf7 Bxf7 41. a5 Rc1 42. b4 Rb1 43. a6 Rxb4 44. a7 Bd5 45. Bc7 Rb5 46. Nd7 Rb1 47. Nxf6 Bc6 48. Be5 Kg7 49. Nd5+ Kf7 50.
Ne3 Re1 51. Bc3 1-0

[Event "Early-Titled-Tuesday-Blitz-March-12-2024"]
[Site "Chess.com"]
[Date "2024.03.12"]
[Round "2"]
[White "josephymwale33"]
[Black "SuperPower2011"]
[Result "0-1"]
[WhiteElo "2514"]
[BlackElo "2814"]
[TimeControl "180+1"]
[EndTime "8:18:33 PDT"]
[Termination "SuperPower2011 won by resignation"]

1. e4 c5 2. Nf3 d6 3. c3 Nf6 4. Be2 Nc6 5. d4 cxd4 6. cxd4 Nxe4 7. d5 Qa5+ 8. Nc3 Nxc3 9. bxc3 Ne5 10. O-O g6 11.
Nxe5 dxe5 12. Qb3 a6 13. Be3 Qc7 14. Bb6 Qd7 15. Rad1 Bg7 16. d6 exd6 17. Bc5 O-O 18. Bxd6 Re8 19. Bxe5 Qe6 20. Bxg7 Qxb3 21. axb3 Kxg7 22.
Bf3 Rb8 23. Rd6 Be6 24. c4 Kf8 25. Rfd1 Rec8 26. h4 h5 27. Rb6 Rc7 28. Be4 Ke7 29.
Rdd6 Bc8 30. Rf6 Be6 31. Rf3 a5 32. Re3 a4 33. bxa4 Kd7 34. Bxg6 Bxc4 35. Bxh5 Rc6 36.
Bg4+ Kc7 37. Rxc6+ bxc6 38. Rc3 Bd5 39. Bf3 Bxf3 40.
Rxf3 Rb4 41. Rxf7+ Kb6 42. h5 Rh4 43. Rf5 Rxa4 44. Kh2 c5 45. Kh3 c4 46. Rf8 Ra7 47. Rf3 Kc5 48. Rc3 Kb4 49. Rc1 c3 50. g4 Kb3 51.
Kh4 Kb2 52. Rg1 c2 53. g5 Rd7 54. h6 Rd1 55. Rg2 Rh1+ 56. Kg3 c1=Q 57. Rh2 Qxg5+ 0-1

[Event "Early-Titled-Tuesday-Blitz-March-12-2024"]
[Site "Chess.com"]
[Date "2024.03.12"]
[Round "2"]
[White "Hamisandwich"]
[Black "BogdanDeac"]
[Result "1/2-1/2"]
[WhiteElo "2714"]
[BlackElo "3057"]
[TimeControl "180+1"]
[EndTime "8:18:34 PDT"]
[Termination "Game drawn by agreement"]

1. a3 d5 2. Nf3 Bf5 3. c4 dxc4 4. Qa4+ Nc6 5. Qxc4 Qd7 6. d3 a6 7. Bf4 e6 8. Nbd2 Bd6 9. Bg3 Nge7 10. Rc1 O-O 11. e4 Bxg3 12. hxg3 Bg6 13. Nb3 b6 14.
Be2 f6 15. Nbd4 Nxd4 16. Nxd4 Bf7 17. Nc6 Rfc8 18. O-O e5 19. Qc3 Qxc6 20. Qxc6 Nxc6 21. Rxc6 Be8 22. Rc3 c5 23. Bg4 Rd8 24. Be6+ Bf7 25. Bxf7+ Kxf7 26. Rb1 Rac8 27. Rbc1 Ke6 28. b4 Kd6 29.
Kf1 Kc6 30. bxc5 b5 31. Ke2 Rd4 32. Ke3 h6 33. f4 Rd7 34. fxe5 fxe5 35. Rf1 a5 36.
Rf5 Re8 37. Rc1 b4 38. axb4 axb4 39. Rf2 Rb7 40. Rb2 b3 41. Rc4 Reb8 42. Kd2 Rb5 43. Kc3 h5 44. g4 hxg4 45. g3 R8b7 46. Kd2 Rxc5 47. Rxc5+ Kxc5 48. Kc3 g6 49. Rxb3 Rxb3+ 50. Kxb3 Kd4 51. Kc2 Ke3 52. Kc3 Kf3 53. d4 Kxe4 54.
dxe5 Kxe5 55. Kd3 Kd5 56. Ke3 Ke5 57. Kd3 g5 58. Ke3 Kd5 59. Kd3 Ke5 60. Ke3 Kd5 1/2-1/2

[Event "Early-Titled-Tuesday-Blitz-March-12-2024"]
[Site "Chess.com"]
[Date "2024.03.12"]
[Round "2"]
[White "AttilaTurzo"]
[Black "LiamPutnam2008"]
[Result "0-1"]
[WhiteElo "2465"]
[BlackElo "2890"]
[TimeControl "180+1"]
[EndTime "8:18:34 PDT"]
[Termination "LiamPutnam2008 won by resignation"]

1. d4 Nf6 2. Bf4 g6 3. Nf3 Bg7 4. c3 O-O 5. Nbd2 d6 6. e4 Nbd7 7. h3 b6 8. Be2 Bb7 9. Qc2 e5 10. dxe5 dxe5 11. Be3 Qe7 12. O-O Rad8 13. b4 Nh5 14. Rfd1 Nf4 15. Bf1 f5 16. Re1 fxe4 17. Nxe4 Kh8 18. Bxf4 Rxf4 19. Nfd2 Rdf8 20. g3 R4f7 21. Bg2 Bh6 22. Nc4 Nf6 23. Nxf6 Bxg2 24. Ng4 Bxh3 25. Ncxe5 Bxg4 26. Nxg6+ hxg6 27. Rxe7 Rxe7 28. Qxg6 Bf3 29. Qxh6+ Kg8 30. Qg5+ Rg7 31. Qe5 Rh7 32. Qg5+ Rg7 33. Qe5 Rg6 34. Re1 Rf7 35. Re3 Bc6 36. f4 Rd6 37. Qg5+ Rg7 38. Qe5 Rh7 39. Qg5+ Kf8 40.
Re5 Rf7 41. Rf5 Rd1+ 42. Kf2 Rd2+ 43. Ke3 Rd6 44. Rxf7+ Kxf7 45. Qh5+ Ke7 46. Qh7+ Kd8 47. Qh8+ Kd7 48. Qb8 Re6+ 49. Kf2 a6 50. Qf8 Bb5 51. Qf7+ Re7 52. Qd5+ Ke8 53. f5 Rd7 54. Qe6+ Re7 55. Qc8+ Kf7 56. Qh8 Re2+ 57. Kf3 Re7 58. g4 Be2+ 59.
Kf4 Bd3 60. Qh7+ Ke8 61. f6 Rxh7 62. g5 Kf7 0-1

[Event "Early-Titled-Tuesday-Blitz-March-12-2024"]
[Site "Chess.com"]
[Date "2024.03.12"]
[Round "2"]
[White "IMRosen"]
[Black "Hikaru"]
[Result "0-1"]
[WhiteElo "2722"]
[BlackElo "3216"]
[TimeControl "180+1"]
[EndTime "8:18:36 PDT"]
[Termination "Hikaru won by resignation"]

1. e4 g6 2. d4 Bg7 3. Nf3 c6 4. h3 d6 5. Bc4 Nf6 6. Qe2 O-O 7.
e5 Nd5 8. O-O b5 9. Bb3 a5 10.
c3 a4 11. Bc2 Nd7 12. Re1 N7b6 13.
Nbd2 a3 14. Ne4 axb2 15. Bxb2 Nc4 16. Bc1 dxe5 17. Bd3 exd4 18. Bxc4 bxc4 19. cxd4 c3 20. Qc4 Be6 21. Nc5 Bf5 22. g4 Bc8 23. Bg5 Qd6 24.
a4 Kh8 25. Kg2 f5 26. Ne5 h6 27. Bh4 Kh7 28. Bg3 f4 29. Bh2 Be6 30. Qd3 Bf7 31.
f3 Kg8 32. Bg1 Rab8 33. Re2 Rb2 34. Re1 Rfb8 35. a5 Bxe5 36. dxe5 Qd8 37. e6 Be8 38. Bd4 Qxa5 39. Qe4 Rxe2+ 40. Rxe2 Rb2 41. Qe5 Rxe2+ 42.
Qxe2 Ne3+ 43. Bxe3 fxe3 44. Qxe3 c2 45. Nd3 Qc3 46.
Kf2 Qxd3 47. Qxd3 c1=Q 48. Qd8 Qc5+ 49. Kg2 Kf8 50. Qc8 Qd6 51. h4 c5 52. h5 gxh5 53.
gxh5 Qd5 54. Qb8 Qxh5 55. Qf4+ Kg8 56. Qc4 Qg5+ 57. Kh1 Bc6 58. Kh2 Qe5+ 59. f4 Qb2+ 60. Kh3 Qg2+ 61. Kh4 Bf3 62. f5 Qg5+ 63. Kh3 Qxf5+ 64.
Kg3 Qg4+ 65. Qxg4+ Bxg4 66. Kxg4 c4 0-1

[Event "Early-Titled-Tuesday-Blitz-March-12-2024"]
[Site "Chess.com"]
[Date "2024.03.12"]
[Round "2"]
[White "Sychev_on_YouTube"]
[Black "nekotyanof"]
[Result "1-0"]
[WhiteElo "2927"]
[BlackElo "2646"]
[TimeControl "180+1"]
[EndTime "8:18:37 PDT"]
[Termination "Sychev_on_YouTube won by resignation"]

1. e4 c5 2. Nf3 Nc6 3. d4 cxd4 4.
Nxd4 Nf6 5. Nc3 e5 6. Ndb5 d6 7. Bg5 a6 8. Na3 b5 9. Bxf6 gxf6 10. Nd5 f5 11. g3 Bg7 12. exf5 Bxf5 13. Bg2 Rc8 14.
c3 O-O 15. Nc2 Be6 16. a4 bxa4 17. Rxa4 a5 18. Rh4 Ne7 19. Nce3 Ng6 20. Rh5 f5 21. Bh3 Rc5 22. O-O Qd7 23. b4 axb4 24. cxb4 Rb5 25.
Qd3 e4 26. Qd1 Ne5 27. Nf4 Nf3+ 28. Kh1 h6 29. Qe2 Rxb4 30. Nxe6 Qxe6 31. Rxf5 Qb3 32.
Rd5 Rd4 33. Be6+ Kh8 34. Rxd6 Qd3 35. Qxd3 Rxd3 36. Rxd3 exd3 37. Rd1 Nd4 38. Bd5 Rxf2 39. Rxd3 Ne2 40. Bc4 h5 41. Rd8+ Kh7 42. Bd3+ Kh6 43. Rd6+ Bf6 44. Bxe2 Rxe2 45. Rxf6+ Kg5 46. Re6 h4 47.
Kg1 h3 48. Re5+ Kg6 49. Re6+ Kg5 50. Re8 Ra2 51. Rg8+ Kh5 52. Rh8+ Kg5 53. Rxh3 Ra3 54. Nf1 Kg4 55. Rh8 Ra2 56. Rg8+ Kf3 57. Rf8+ Kg4 58. Rf2 Ra1 59. Kg2 1-0

[Event "Early-Titled-Tuesday-Blitz-March-12-2024"]
[Site "Chess.com"]
[Date "2024.03.12"]
[Round "2"]
[White "ChessLover0108"]
[Black "ValentunHulka"]
[Result "1-0"]
[WhiteElo "2948"]
[BlackElo "2723"]
[TimeControl "180+1"]
[EndTime "8:18:39 PDT"]
[Termination "ChessLover0108 won by resignation"]

1. c4 e5 2. d3 Bb4+ 3. Bd2 a5 4. a3 Bxd2+ 5. Qxd2 Nf6 6. Nc3 O-O 7. Nf3 d6 8. g3 c5 9. Bg2 Nc6 10. O-O h6 11. Ne1 Nd4 12. Rb1 a4 13. e3 Nb3 14.
Qd1 Qa5 15. Nc2 Rb8 16. Na1 Nxa1 17. Rxa1 Bd7 18. d4 exd4 19. exd4 Rfc8 20. Rc1 Be6 21. Qxa4 Qxa4 22. Nxa4 cxd4 23. Nb6 Rc6 24. Bxc6 bxc6 25.
c5 dxc5 26. Na4 c4 27. Rfd1 d3 28. Nc5 Bd5 29. b3 cxb3 30. Nxd3 Ne4 31. f4 b2 32. Rb1 Nc3 33. Rxb2 Rxb2 34. Nxb2 Nxd1 35. Nxd1 Kf8 36. Nc3 Bc4 37. Kf2 Ke7 38. Ke3 Kd6 39. Kd4 Bf1 40. Ne4+ Kc7 41. Kc5 f6 42. a4 Bd3 43.
Nd6 g5 44. a5 gxf4 45. gxf4 Kd7 46. h4 h5 47. Nc4 Kc7 48. Nb6 Kb7 49. Nd7 f5 50.
Ne5 Be2 51. Nxc6 Ka6 52. Nd4 Bd3 53. Kd6 Kxa5 54. Ke5 Kb4 55. Nxf5 Kc5 56. Nd4 Kb6 57. Kd6 Kb7 58. f5 Kc8 59. Ke7 Bc4 60. f6 Kc7 61.
Ne6+ 1-0

[Event "Early-Titled-Tuesday-Blitz-March-12-2024"]
[Site "Chess.com"]
[Date "2024.03.12"]
[Round "2"]
[White "Cheer_Down"]
[Black "Chessmissile07"]
[Result "0-1"]
[WhiteElo "2421"]
[BlackElo "2954"]
[TimeControl "180+1"]
[EndTime "8:18:44 PDT"]
[Termination "Chessmissile07 won by resignation"]

1. e4 a6 2. d4 d6 3. Nf3 Nf6 4. Nc3 b5 5. Bd3 Bb7 6. a3 g6 7.
O-O Bg7 8. h3 O-O 9. e5 dxe5 10.
dxe5 Nd5 11. Nxd5 Qxd5 12. Re1 Nd7 13. Bf4 Nc5 14. Bf1 Rad8 15. Qxd5 Bxd5 16. Rad1 Ne6 17.
Bg3 Bxf3 18. gxf3 Bh6 19. c4 Bd2 20. Re4 c6 21. cxb5 cxb5 22. h4 Nc5 23. Re2 Nb3 24. f4 e6 25. Kh2 h5 26. Bg2 Ba5 27. Rxd8 Rxd8 28. Re3 Nd2 29. Kh3 Nc4 30. Re2 Rd2 31. Rxd2 Bxd2 32. Bb7 a5 33. Ba6 Nxb2 34. Bxb5 Kf8 35. a4 Nd1 36. Kg2 Nc3 37. Bc6 Ke7 38. f3 Nd5 39. Kf2 Nxf4 40. Bh2 Bc1 41. Ke1 Ng2+ 42.
Kd1 Bf4 43. Bg1 Nxh4 44. Bc5+ Kd8 45. Bb6+ Kc8 46. Bxa5 Nf5 47. Bb6 Be3 48. Ba5 h4 49. Ke2 h3 50. f4 Bxf4 51. Bb6 Bxe5 52. a5 Bd4 53. Kd3 Bxb6 54. axb6 h2 55. Kc4 Ng3 56. Kb5 Kb8 57. Kc5 h1=Q 58. Kd6 Qd1+ 59. Ke7 Nf5+ 60. Kxf7 Qd6 61. Be8 Qe7+ 62. Kxg6 Qxe8+ 63. Kf6 Qe7+ 64. Ke5 Kb7 65. Ke4 Qd6 0-1

[Event "Early-Titled-Tuesday-Blitz-March-12-2024"]
[Site "Chess.com"]
[Date "2024.03.12"]
[Round "2"]
[White "djano"]
[Black "rezamahdavi2008"]
[Result "0-1"]
[WhiteElo "2585"]
[BlackElo "2883"]
[TimeControl "180+1"]
[EndTime "8:18:45 PDT"]
[Termination "rezamahdavi2008 won by resignation"]

1. e4 c5 2. Nc3 d6 3. f4 g6 4. Nf3 Bg7 5. Bc4 Nc6 6. O-O e6 7. d4 cxd4 8. Nb5 Nge7 9. Bb3 O-O 10. Nbxd4 d5 11. e5 f6 12. exf6 Bxf6 13. c3 Nf5 14. Nxf5 gxf5 15. Qe1 Kh8 16. Be3 Qe7 17. Qf2 Qg7 18. Kh1 b6 19. Rae1 Ba6 20. Rg1 h6 21. Ba4 b5 22. Bc2 Rae8 23. Bd3 Rg8 24. a4 Qb7 25. Qe2 Rb8 26. Bc5 Rge8 27. Bd6 Rbd8 28. axb5 Rxd6 29. bxa6 Qb6 30. Bxf5 Nd8 31. Bd3 Rf8 32. Ne5 Bxe5 33. Qxe5+ Kg8 34. Re3 Kf7 35. Rg3 Ke7 36. Re1 Rf6 37. b4 Nf7 38. Qh5 Rxf4 39. h3 Qf2 40. Rge3 Qd2 41. Bg6 Rf6 42. Qh4 Rxa6 43.
Bxf7 Kxf7 44. Qh5+ Ke7 45. Qg4 Kf7 46. R3e2 Qg5 47.
Qd4 h5 48. Qc5 Kg7 49. Qc7+ Rf7 50. Qc5 Qg6 51. Rxe6 Rxe6 52. Qd4+ Kh7 53. Rg1 Ref6 54. Qxd5 Rf1 55. Qd4 Rxg1+ 56. Kxg1 Qb6 0-1